 Dungeon Sprint DCSS version 0.23-a0-650-ga4d50d4 (webtiles) character file.

13157 Leeroy the Barachian Blade (level 12, -39/74 HPs)
             Began as a Barachi Ice Elementalist on Jan 3, 2019.
             Was the Champion of Qazlal.
             Annihilated by an eldritch tentacle (49 damage)
             ... called by Zusis
             ... in the Dungeon (Sprint V: "Ziggurat Sprint").
             The game lasted 00:21:07 (1399 turns).

Leeroy the Barachian Blade (BaIE)                   Turns: 1399, Time: 00:21:08

Health: -39/74     AC: 37    Str:  9    XL:     12   Next: 3%
Magic:  8/19       EV: -1    Int: 25    God:    Qazlal [******]
Gold:   0          SH: 39    Dex: 14    Spells: 5/17 levels left

rFire    . . .     SeeInvis .   H - +7 Screaming Sword {slice, sonic wave}
rCold    x . .     Gourm    .   S - +18 shield of the Gong {rElec rN+ MR+ EV-5}
rNeg     + . .     Faith    .   R - +15 Maxwell's patent armour {-Cast -Tele rElec MR+ rCorr}
rPois    .         Spirit   .   (no helmet)
rElec    +         Reflect  .   (no cloak)
rCorr    +         Harm     .   (no gloves)
MR       +++..     NoTele   +   z - +2 pair of boots {Stlth+} Stlth ..........NoCast +
                                (no amulet)
HPRegen  0.22/turn              W - ring of wizardry
MPRegen  0.16/turn              V - ring "Itheuv" {+Blink rC- MR+ Int+5}

@: protected from physical damage, can't hop, repel missiles, slow
A: +LOS, swims, slowness 1, strong legs 1
a: Hop, Upheaval, Elemental Force, Disaster Area, Renounce Religion, Evoke Blink


You were in the Dungeon.
You worshipped Qazlal.
Qazlal was exalted by your worship.
You were near starving.

You visited 1 branch

Inventory:

Hand Weapons
 H - the +7 Screaming Sword (weapon) {slice, sonic wave}
   (You found it in the Dungeon)

   It inflicts extra damage upon your enemies.
 I - the +7 great mace "Firestarter" {inner flame, rF++}
   (You found it in the Dungeon)

   It has been specially enchanted to burn those struck by it, causing extra
   injury to most foes and up to half again as much damage against particularly
   susceptible opponents.
   It greatly protects you from fire.
 J - the +11 plutonium sword {*Contam Stlth-}
   (You found it in the Dungeon)

   It causes magical contamination when unequipped.
   It makes you less stealthy.
 K - the +9 sword of Zonguldrok {reap}
   (You found it in the Dungeon)

   If a monster killed with it leaves a corpse in good enough shape, the corpse
   will be animated as a zombie friendly to the killer.
 M - a +5 triple sword
 N - a +3 fustibalus of velocity
 T - the +0 quarterstaff "Fohojol" {holy, rF+ Str+6 SInv}
   (You found it in the Dungeon)

   It has been blessed by the Shining One to cause great damage to the undead
   and demons.
   It affects your strength (+6).
   It protects you from fire.
   It lets you see invisible.
 Z - a +0 long sword of flaming
Missiles
 O - 1000 sling bullets
Armour
 z - a +2 pair of boots of stealth (worn)
 P - +5 fire dragon scales
 Q - +5 ice dragon scales
 R - the +15 Maxwell's patent armour (worn) {-Cast -Tele rElec MR+ rCorr}
   (You found it in the Dungeon)

   It insulates you from electricity.
   It affects your resistance to hostile enchantments.
   It prevents spellcasting.
   It prevents most forms of teleportation.
   It provides partial protection from all sources of acid and corrosion.
 S - the +18 shield of the Gong (worn) {rElec rN+ MR+ EV-5}
   (You found it in the Dungeon)

   It affects your evasion (-5).
   It insulates you from electricity.
   It protects you from negative energy.
   It affects your resistance to hostile enchantments.
Magical Staves
 A - an uncursed staff of energy
 Y - an uncursed staff of power
Jewellery
 u - a +6 ring of dexterity
 v - a +6 ring of dexterity
 w - a +6 ring of intelligence
 x - a +6 ring of intelligence
 y - a +6 ring of strength
 F - an uncursed ring of flight
 U - the ring of the Genius {-Tele rPois rF+ rN+}
   (You found it in the Dungeon)

   [ring of protection from fire]

   It protects you from fire.
   It protects you from poison.
   It protects you from negative energy.
   It prevents most forms of teleportation.
 V - the ring "Itheuv" (right hand) {+Blink rC- MR+ Int+5}
   (You found it in the Dungeon)

   [ring of protection from magic]

   It affects your intelligence (+5).
   It makes you vulnerable to cold.
   It affects your resistance to hostile enchantments.
   It lets you blink.
 W - a ring of wizardry (left hand)
 X - an uncursed ring of protection from cold
Wands
 C - a wand of disintegration (7)
 D - a wand of iceblast (7)
 E - a wand of acid (7)
Scrolls
 i - 4 scrolls of blinking
 o - 4 scrolls of amnesia
 p - 7 scrolls of fog
 q - a scroll of holy word
 r - 5 scrolls of identify
 s - 5 scrolls of remove curse
 t - 2 scrolls of fear
Potions
 b - 2 potions of brilliance
 d - 10 potions of curing
 e - 7 potions of heal wounds
 f - 6 potions of haste
 g - 7 potions of magic
 h - 3 potions of berserk rage
 j - 2 potions of invisibility
 k - 4 potions of resistance
 l - a potion of experience
 m - 5 potions of agility
 n - 5 potions of might
Miscellaneous
 a - a phantom mirror
 B - a crystal ball of energy
 G - a lightning rod (3/4)
 L - a sack of spiders
Comestibles
 c - 7 rations


   Skills:
 + Level 22.9 Long Blades
 - Level 12.1 Armour
 - Level 2.1 Dodging
 - Level 1.7 Stealth
 - Level 15.5 Shields
 - Level 3.0 Spellcasting
 - Level 5.5 Conjurations
 - Level 2.6 Hexes
 * Level 6.5 Summonings
 - Level 3.6 Ice Magic
 * Level 9.8 Invocations


You had 5 spell levels left.
You knew the following spells:

 Your Spells              Type           Power        Failure   Level  Hunger
a - Freeze                Ice            ###.         80%         1    None
b - Throw Icicle          Conj/Ice       ####....     100%        4    ####...
c - Summon Ice Beast      Ice/Summ       ####....     100%        4    ####...
d - Spectral Weapon       Hex/Chrm       ##......     100%        3    ###....

Your spell library contained the following spells:

 Spells                   Type           Power        Failure   Level  Hunger
 Throw Frost              Conj/Ice       ####..       80%         2    ##.....
 Confusing Touch          Hex            ###...       89%         1    None
 Corona                   Hex            ###....      89%         1    None
 Animate Skeleton         Necr           N/A          99%         1    None
 Pain                     Necr           #...         99%         1    None
 Recall                   Summ/Tloc      N/A          99%         3    ###....
 Passwall                 Tmut/Erth      #.......     100%        2    ##.....
 Ozocubu's Armour         Chrm/Ice       ##......     100%        3    ###....
 Regeneration             Chrm/Necr      #.........   100%        3    ###....
 Vampiric Draining        Necr           #.........   100%        3    ###....
 Animate Dead             Necr           N/A          100%        4    ####...
 Cause Fear               Hex            ###.......   100%        4    ####...
 Leda's Liquefaction      Hex/Erth       ##........   100%        4    ####...
 Summon Lightning Spire   Summ/Air       ###.....     100%        4    ####...
 Bolt of Draining         Conj/Necr      ###.......   100%        5    ######.
 Borgnjor's Vile Clutch   Necr/Erth      #.........   100%        5    ######.
 Irradiate                Conj/Tmut      ###.......   100%        5    ######.
 Silence                  Hex/Air        ##........   100%        5    ######.
 Death Channel            Necr           #.........   100%        6    #######
 Invisibility             Hex            ###.....     100%        6    #######
 Poison Arrow             Conj/Pois      ###.......   100%        6    #######
 Simulacrum               Ice/Necr       ##........   100%        6    #######
 Dragon Form              Tmut           #.........   100%        7    #######
 Chain Lightning          Conj/Air       ###.......   100%        8    #######
 Lehudib's Crystal Spear  Conj/Erth      ###.......   100%        8    #######
 Fire Storm               Conj/Fire      ###.......   100%        9    #######
 Glaciate                 Conj/Ice       ####......   100%        9    #######


Dungeon Overview and Level Annotations

Branches:
Dungeon (1/1)

Altars:
Ashenzari
Cheibriados
Dithmenos
Elyvilon
Fedhas
Gozag
Hepliaklqana
Kikubaaqudgha
Makhleb
Nemelex Xobeh
Okawaru
Qazlal
Ru
Sif Muna
Trog
Uskayaw
Vehumet
Wu Jian
Xom
Yredelemnul
Zin
The Shining One
Beogh
Jiyva
Lugonu

Annotations:
D 1 transporter


Innate Abilities, Weirdness & Mutations

Shadows flee at your approach. (+LOS)
You can swim through water.
You cover ground slowly.
You can hop short distances.


Message History

Unknown command.
Press: ? - help, v - describe, . - travel
Here: an eldritch tentacle segment A portal to somewhere.
The eldritch tentacle slaps you but does no damage.
You block the eldritch tentacle's attack.
GONNNNG!
Something hits you!
You feel more protected from physical attacks.
Something freezes you.
* * * LOW HITPOINT WARNING * * *
You block the redback's attack.
BOUMMMMG!
The demonic crawler is struck by lightning.
The eldritch tentacle slaps you but does no damage.
The eldritch tentacle claws you!
* * * LOW HITPOINT WARNING * * *
The eldritch tentacle freezes you!!!
You feel a terrible chill!
Ouch! That really hurt!
You die...

..)(.....▓.......▓
..(......▓.......▓
.(..(....▓...).).▓
(▓..(..▓.▓.▓...▓.▓
)...©....▓...©.((▓
▓▓▓▓▓▓▓▓▓▓▓▓▓▓▓▓▓▓
▓...8©8...▓
▓..?[}:°§.▓
▓...[[)ss@▓
▓.....ss&w▓
▓.......s│▓
▓......○/°▓
▓.....≈<..▓
▓.......*.▓
▓....©....▓
▓▓▓▓▓▓▓▓▓▓▓


You could see Zusis, an eldritch tentacle, a demonic crawler, 2 tarantellas and
2 redbacks.

Vanquished Creatures
  A deep elf sorcerer (D)
  A deep elf elementalist (D)
  4 dancing weapons (D)
  2 deep elf knights (D)
  4 deep elf archers (D)
  5 deep elf magi (D)
  A smoke demon (D)
  A jumping spider (D)
  A hornet (D)
  Sigmund (D)
  3 spriggans (D)
  A fire elemental (D)
  A golden eye (D)
  A floating eye (D)
  A black bear (D)
  2 necrophages (D)
  An eye of draining (D)
  2 wolves (D)
  4 centaurs (D)
  Blork the orc (D)
  2 earth elementals (D)
  3 scorpions (D)
  A crimson imp (D)
  A quasit (D)
  2 jellies (D)
  An iron imp (D)
  Jessica (D)
  2 shadow imps (D)
  A white imp (D)
52 creatures vanquished.

Vanquished Creatures (others)
  A deep elf knight (D)
1 creature vanquished.

Grand Total: 53 creatures vanquished

Notes
Turn   | Place    | Note
-------+----------+-------------------------------------------
     0 | D        | Found the +6 Majin-Bo {vamp, Archmagi MP+6 Int+6}
     0 | D        | Found the +7 great mace "Firestarter" {inner flame, rF++}
     0 | D        | Leeroy the Barachi Ice Elementalist began the quest for the
                  | Orb.
     0 | D        | Reached XP level 1. HP: 13/13 MP: 3/3
     0 | D        | Found a transporter.
     0 | D        | Found an ancient bone altar of Kikubaaqudgha.
     0 | D        | Found a viscous altar of Jiyva.
     0 | D        | Found a corrupted altar of Lugonu.
     0 | D        | Found a hazy altar of Hepliaklqana.
     0 | D        | Found a burning altar of Makhleb.
     0 | D        | Found an opulent altar of Gozag.
    22 | D        | Found the +9 heavy crossbow "Sniper" {velocity, Acc+∞ SInv}
    22 | D        | Found the +10 dark maul {crush}
    22 | D        | Found the +15 Maxwell's patent armour {-Cast -Tele rElec
                  | MR+ rCorr}
    22 | D        | Found the +18 shield of the Gong {rElec rN+ MR+ EV-5}
    22 | D        | Found the cursed +14 obsidian axe {chop, +Fly SInv *Curse}
    23 | D        | Found the +6 shillelagh "Devastator" {shatter}
    23 | D        | Found the +11 plutonium sword {*Contam Stlth-}
    23 | D        | Found the +8 lance "Wyrmbane" {slay drac, rPois rF+ rC+
                  | AC+3}
    23 | D        | Found the +9 sword of Zonguldrok {reap}
    23 | D        | Found the cursed +13 scythe of Curses {drain, *Curse}
    23 | D        | Found the +0 sword of Power
    23 | D        | Found the +7 mace of Variability {chain chaos}
    23 | D        | Found the +7 Singing Sword {slice, sonic wave}
    23 | D        | Found the +7 longbow "Piercer" {penet, EV-2}
    70 | D        | Became a worshipper of Qazlal Stormbringer
   172 | D        | Entered arena 2.
   172 | D        | Noticed a necrophage
   172 | D        | Noticed a necrophage
   172 | D        | Found a transporter.
   185 | D        | Killed a necrophage
   185 | D        | Reached skill level 7 in Long Blades
   185 | D        | Reached XP level 2. HP: 19/19 MP: 5/5
   185 | D        | Reached XP level 3. HP: 24/24 MP: 6/6
   185 | D        | Reached XP level 4. HP: 30/30 MP: 7/7
   189 | D        | Killed a necrophage
   189 | D        | Reached skill level 8 in Long Blades
   189 | D        | Reached XP level 5. HP: 35/35 MP: 8/8
   198 | D        | Entered arena 3.
   198 | D        | Noticed Sigmund
   198 | D        | Noticed Jessica
   198 | D        | Noticed Blork the orc
   198 | D        | Found a transporter.
   202 | D        | Killed Sigmund
   202 | D        | Reached * piety under Qazlal
   202 | D        | Reached skill level 10 in Long Blades
   202 | D        | Reached XP level 6. HP: 37/41 MP: 9/9
   202 | D        | Killed Jessica
   202 | D        | Reached skill level 11 in Long Blades
   202 | D        | Killed Blork the orc
   214 | D        | Got the +6 plate armour of the Eternal Fruit {Dex+2 Slay+2}
   225 | D        | Learned a level 4 spell: Throw Icicle
   230 | D        | Learned a level 4 spell: Summon Ice Beast
   231 | D        | Entered arena 4.
   231 | D        | Noticed a jumping spider
   231 | D        | Found a transporter.
   242 | D        | Reached ** piety under Qazlal
   242 | D        | Reached XP level 7. HP: 46/46 MP: 10/10
   246 | D        | Reached skill level 12 in Long Blades
   269 | D        | Killed a jumping spider
   269 | D        | Reached skill level 13 in Long Blades
   450 | D        | Entered arena 5.
   450 | D        | Found a transporter.
   459 | D        | Reached *** piety under Qazlal
   459 | D        | Reached XP level 8. HP: 38/52 MP: 11/11
   470 | D        | Reached skill level 5 in Invocations
   473 | D        | Reached skill level 14 in Long Blades
   516 | D        | Entered arena 6.
   516 | D        | Found a transporter.
   517 | D        | Reached **** piety under Qazlal
   522 | D        | Reached skill level 15 in Long Blades
   527 | D        | Got the Grimoire of Black Secrets and the Oath
   533 | D        | Got the Handbook of the Dusty Birds
   746 | D        | Entered arena 7.
   746 | D        | Noticed a spriggan rider
   746 | D        | Noticed a spriggan
   746 | D        | Noticed a spriggan
   746 | D        | Found a transporter.
   754 | D        | Reached ***** piety under Qazlal
   758 | D        | Reached XP level 9. HP: 51/57 MP: 14/14
   761 | D        | Reached skill level 16 in Long Blades
   763 | D        | Killed a spriggan rider
   763 | D        | Killed a hornet
   763 | D        | Reached skill level 17 in Long Blades
   786 | D        | Got the +9 battleaxe of Capital Punishment {speed, *Noise
                  | rPois Str-3 Dex+8}
   791 | D        | Got the cursed +1 plate armour of Hedge Wizardry {rPois
                  | Int+3 Dex-4}
   838 | D        | Learned a level 3 spell: Spectral Weapon
   881 | D        | Entered arena 8.
   881 | D        | Noticed a deep elf archer
   881 | D        | Noticed a +1 mace of venom
   881 | D        | Noticed a deep elf mage
   881 | D        | Noticed a deep elf sorcerer
   881 | D        | Noticed a +0 halberd of protection
   881 | D        | Noticed a +2 long sword of slicing
   881 | D        | Found a transporter.
   891 | D        | Killed a +1 mace of venom
   891 | D        | Reached skill level 18 in Long Blades
   891 | D        | Reached XP level 10. HP: 61/63 MP: 16/16
   895 | D        | Killed a deep elf sorcerer
   895 | D        | Reached skill level 19 in Long Blades
   896 | D        | Killed a +0 halberd of protection
   896 | D        | Killed a +2 long sword of slicing
   896 | D        | Reached ****** piety under Qazlal
   902 | D        | Killed a deep elf archer
   902 | D        | Reached skill level 20 in Long Blades
   902 | D        | Reached skill level 1 in Hexes
   909 | D        | Killed a deep elf mage
   909 | D        | Reached XP level 11. HP: 43/68 MP: 17/17
   926 | D        | Got the Catalogue of Transformation
   930 | D        | Got the ring "Itheuv" {+Blink rC- MR+ Int+5}
   935 | D        | Got the ring of the Genius {-Tele rPois rF+ rN+}
  1010 | D        | Entered arena 9.
  1010 | D        | Noticed a deep elf mage
  1010 | D        | Noticed a deep elf elementalist
  1010 | D        | Noticed a deep elf knight
  1010 | D        | Noticed a deep elf mage
  1010 | D        | Noticed a deep elf knight
  1010 | D        | Found a transporter.
  1016 | D        | Killed a deep elf elementalist
  1016 | D        | Reached skill level 5 in Conjurations
  1016 | D        | Killed a deep elf knight
  1018 | D        | Killed a deep elf knight
  1018 | D        | Reached skill level 21 in Long Blades
  1018 | D        | Reached skill level 15 in Shields
  1023 | D        | Killed a deep elf mage
  1030 | D        | Killed a deep elf mage
  1176 | D        | Got the +0 quarterstaff "Fohojol" {holy, rF+ Str+6 SInv}
  1327 | D        | Entered arena 10.
  1327 | D        | Noticed a deep elf archer
  1327 | D        | Noticed a deep elf archer
  1327 | D        | Noticed a +0 mace of draining
  1327 | D        | Noticed a deep elf mage
  1327 | D        | Noticed a deep elf archer
  1327 | D        | Noticed a deep elf mage
  1327 | D        | Noticed a deep elf knight
  1327 | D        | Found a transporter.
  1329 | D        | Killed a deep elf mage
  1329 | D        | Reached skill level 1 in Summonings
  1329 | D        | Killed a +0 mace of draining
  1329 | D        | Reached skill level 22 in Long Blades
  1329 | D        | Killed a deep elf mage
  1334 | D        | Killed a deep elf knight
  1335 | D        | Killed a deep elf archer
  1335 | D        | Reached skill level 5 in Summonings
  1339 | D        | Killed a deep elf archer
  1349 | D        | Killed a deep elf archer
  1376 | D        | Entered arena 11.
  1376 | D        | Noticed Zusis the pandemonium lord
  1376 | D        | Noticed Kememm the pandemonium lord
  1376 | D        | Found a transporter.
  1388 | D        | Reached XP level 12. HP: 49/74 MP: 10/19
  1399 | D        | Annihilated by an eldritch tentacle

Vault maps used:
D:        sprint_v

Skill      XL: |  1  2  3  4  5  6  7  8  9 10 11 |
---------------+----------------------------------+-----
Long Blades    | 7 8 10 11 13 15 18 20 22 | 22.9
Armour         | 6 9 11 12 | 12.1
Conjurations   | 2 4 5 |  5.5
Invocations    | 4 7 9 |  9.8
Shields        | 6 14 15 | 15.5
Hexes          | 2 |  2.6
Spellcasting   | 3 |  3.0
Summonings     | 6 |  6.5
Dodging        | |  2.1
Stealth        | |  1.7
Ice Magic      | |  3.6

Action                   |  1- 3 |  4- 6 |  7- 9 | 10-12 || total
-------------------------+-------+-------+-------+-------++-------
Melee: Demon blade       |     9 |    13 |    51 |       ||    73
       Double sword      |       |       |    14 |    56 ||    70
Invok: Upheaval          |       |       |       |     5 ||     5
 Abil: Hop               |       |       |       |     1 ||     1
Evoke: Lightning rod     |       |     4 |     4 |     2 ||    10
  Use: Potion            |       |       |       |     3 ||     3
Armor: Plate armour      |     7 |     6 |    39 |    36 ||    88
Dodge: Dodged            |       |       |     1 |     1 ||     2
Block: Shield            |    21 |    19 |   127 |   105 ||   272

Table legend:
 A = Non-vault XP
 B = Vault XP
 C = Vault XP percentage of total XP
 D = Non-vault monster count
 E = Vault monster count
 F = Vault count percentage of total count
                 A         B        C        D         E       F
            +---------+---------+-------+---------+---------+-------
      Total |     276 |   18521 |  98.5 |       1 |      52 |  98.1
            +---------+---------+-------+---------+---------+-------
          D |     276 |   18521 |  98.5 |       1 |      52 |  98.1
            +---------+---------+-------+---------+---------+-------
